TOP OF THE 1ST |
Amity Gardens Westerners batting - Pitching for Coronado Eclipse : RHP Jorge Chávez
|
Pitching: RHP Jorge Chávez
|
|
Batting: RHB Manny Olhoa
|
0-0: Ball 1-0: Foul Ball, location: 2F 1-1: Ball 2-1: SINGLE (Groundball, 56D)
|
Batting: RHB Gustavo Todd
|
0-0: Ball Manny Olhoa is caught stealing 2nd base 1-0: Ground out 6-3 (Groundball, 6)
|
Batting: SHB Chris Barrett
|
0-0: Ball 1-0: SOLO HOME RUN (Flyball, 9D), Distance : 397 ft
|
Batting: RHB Luis López
|
0-0: Ball 1-0: Ball 2-0: Fly out, F8 (Flyball, 8LM)
|
Top of the 1st over - 1 run(s), 2 hit(s), 0 error(s), 0 left on base; Amity Gardens 1 - Coronado 0 |
BOTTOM OF THE 1ST |
Coronado Eclipse batting - Pitching for Amity Gardens Westerners : RHP Rafael Reyes
|
Pitching: RHP Rafael Reyes
|
|
Batting: RHB Jesús Pérez
|
0-0: Ball 1-0: Ball 2-0: Ball 3-0: Called Strike 3-1: Foul Ball, location: 2F 3-2: Foul Ball, location: 2F 3-2: Ground out U3 (Groundball, 3)
|
Batting: RHB Javier Hernández
|
0-0: Called Strike 0-1: Fly out, F9 (Flyball, 9)
|
Batting: RHB Luis López
|
0-0: Ball 1-0: Ball 2-0: Ball 3-0: Called Strike 3-1: SINGLE (Groundball, 6MD)
|
Batting: LHB Robby Bland
|
0-0: Ball 1-0: Ball 2-0: Foul Ball, location: 2F 2-1: Ground out U3 (Groundball, 3)
|
Bottom of the 1st over - 0 run(s), 1 hit(s), 0 error(s), 1 left on base; Amity Gardens 1 - Coronado 0 |
TOP OF THE 2ND |
Amity Gardens Westerners batting - Pitching for Coronado Eclipse : RHP Jorge Chávez
|
Batting: RHB Justin Tomlinson
|
0-0: Called Strike 0-1: Ball 1-1: Ball 2-1: Ground out 6-3 (Groundball, 6)
|
Batting: RHB Xavier Silva
|
0-0: Foul Ball, location: 2F 0-1: Ball 1-1: Ball 2-1: SINGLE (Groundball, 56D)
|
Batting: RHB Tomás Rivera
|
0-0: Fly out, F8 (Flyball, 8RS)
|
Batting: RHB Jonathon García
|
0-0: Called Strike 0-1: Called Strike 0-2: Foul Ball, location: 2F 0-2: Fielders Choice at 2nd, 5-4 (Groundball, 56)
|
Top of the 2nd over - 0 run(s), 1 hit(s), 0 error(s), 0 left on base; Amity Gardens 1 - Coronado 0 |
BOTTOM OF THE 2ND |
Coronado Eclipse batting - Pitching for Amity Gardens Westerners : RHP Rafael Reyes
|
Batting: RHB Luis Samaripa
|
0-0: Ball 1-0: Swinging Strike 1-1: SINGLE (Flyball, 8RS)
|
Batting: RHB Júlio Núńez
|
0-0: Called Strike 0-1: Ball 1-1: Swinging Strike 1-2: Ball 2-2: Fly out, F8 (Line Drive, 8RD)
|
Batting: RHB Danny Scott
|
0-0: Ball 1-0: Called Strike Throwing error on steal attempt, E2 Luis Samaripa to third 1-1: Called Strike 1-2: Ball 2-2: Fly out, F9 (Flyball, 9) Runner from 3rd tags up, SCORES, no throw
|
Batting: RHB Phil Martin
|
0-0: SINGLE (Groundball, 56) (infield hit)
|
Batting: RHB Bill Petty
|
0-0: Ball Pickoff Throw to First - Out!
|
Bottom of the 2nd over - 1 run(s), 2 hit(s), 1 error(s), 0 left on base; Amity Gardens 1 - Coronado 1 |
TOP OF THE 3RD |
Amity Gardens Westerners batting - Pitching for Coronado Eclipse : RHP Jorge Chávez
|
Batting: RHB Carlos Dumenigo
|
0-0: Called Strike 0-1: Called Strike 0-2: Foul Ball, location: 2F 0-2: Strikes out swinging
|
Batting: RHB Manny Olhoa
|
0-0: Ball 1-0: Called Strike 1-1: Ball 2-1: Ball 3-1: Base on Balls
|
Batting: RHB Gustavo Todd
|
0-0: Called Strike 0-1: Ball Manny Olhoa is caught stealing 2nd base 1-1: Swinging Strike 1-2: Ball 2-2: Ball 3-2: SINGLE (Groundball, 4) (infield hit)
|
Batting: SHB Chris Barrett
|
0-0: Ball 1-0: Called Strike 1-1: Ball 2-1: SINGLE (Line Drive, 78M) Gustavo Todd to second
|
Batting: RHB Luis López
|
0-0: Swinging Strike 0-1: Ball 1-1: Foul Ball, location: 2F 1-2: Strikes out swinging
|
Top of the 3rd over - 0 run(s), 2 hit(s), 0 error(s), 2 left on base; Amity Gardens 1 - Coronado 1 |
BOTTOM OF THE 3RD |
Coronado Eclipse batting - Pitching for Amity Gardens Westerners : RHP Rafael Reyes
|
Batting: RHB Bill Petty
|
0-0: SINGLE (Flyball, 78S)
|
Batting: RHB Jesús Pérez
|
0-0: Swinging Strike 0-1: Swinging Strike 0-2: Fly out, F8 (Line Drive, 8LM)
|
Batting: RHB Javier Hernández
|
0-0: Ball 1-0: Ball 2-0: Called Strike 2-1: Called Strike 2-2: Foul Ball, location: 2F 2-2: Ball 3-2: Foul Ball, location: 2F 3-2: DOUBLE (Groundball, 3L) Bill Petty to third Runner from 3rd tries for Home, SAFE, no throw
|
Batting: RHB Luis López
|
0-0: Swinging Strike 0-1: Ground out 1-3 (Groundball, 13) Javier Hernández to third
|
Batting: LHB Robby Bland
|
0-0: Ground out 4-3 (Groundball, 4S)
|
Bottom of the 3rd over - 1 run(s), 2 hit(s), 0 error(s), 1 left on base; Amity Gardens 1 - Coronado 2 |
TOP OF THE 4TH |
Amity Gardens Westerners batting - Pitching for Coronado Eclipse : RHP Jorge Chávez
|
Batting: RHB Justin Tomlinson
|
0-0: Called Strike 0-1: Foul Ball, location: 2F 0-2: Ball 1-2: Ground out 5-3 (Groundball, 56)
|
Batting: RHB Xavier Silva
|
0-0: Called Strike 0-1: Ball 1-1: Ground out 1-3 (Groundball, 13S)
|
Batting: RHB Tomás Rivera
|
0-0: Ball 1-0: SINGLE (Line Drive, 9LS)
|
Batting: RHB Jonathon García
|
0-0: Ball 1-0: Swinging Strike 1-1: Fielders Choice at 2nd, 6-4 (Groundball, 6)
|
Top of the 4th over - 0 run(s), 1 hit(s), 0 error(s), 0 left on base; Amity Gardens 1 - Coronado 2 |
BOTTOM OF THE 4TH |
Coronado Eclipse batting - Pitching for Amity Gardens Westerners : RHP Rafael Reyes
|
Batting: RHB Luis Samaripa
|
0-0: Ball 1-0: Ground out 6-3 (Groundball, 6)
|
Batting: RHB Júlio Núńez
|
0-0: Ground out 4-3 (Groundball, 4M)
|
Batting: RHB Danny Scott
|
0-0: Ball 1-0: Ground out 6-3 (Groundball, 6)
|
Bottom of the 4th over - 0 run(s), 0 hit(s), 0 error(s), 0 left on base; Amity Gardens 1 - Coronado 2 |
TOP OF THE 5TH |
Amity Gardens Westerners batting - Pitching for Coronado Eclipse : RHP Jorge Chávez
|
Batting: RHB Carlos Dumenigo
|
0-0: Called Strike 0-1: Ball 1-1: Called Strike 1-2: Ball 2-2: Ground out 6-3 (Groundball, 6)
|
Batting: RHB Manny Olhoa
|
0-0: DOUBLE (Line Drive, 7LM)
|
Batting: RHB Gustavo Todd
|
0-0: Called Strike Manny Olhoa steals 3rd base 0-1: Swinging Strike 0-2: Foul Ball, location: 2F 0-2: Ball 1-2: Foul Ball, location: 2F 1-2: Ball 2-2: SINGLE (Line Drive, 89S) Manny Olhoa scores
|
Batting: SHB Chris Barrett
|
0-0: Ball 1-0: Fly out, F6 (Flyball, 56D)
|
Batting: RHB Luis López
|
0-0: Ball 1-0: Ball 2-0: Foul Ball, location: 2F 2-1: Ball 3-1: Foul Ball, location: 2F 3-2: Foul Ball, location: 2F 3-2: Base on Balls Gustavo Todd to second
|
Pitching: RHP Bob Thompson
|
|
Batting: RHB Justin Tomlinson
|
0-0: Ball 1-0: Called Strike 1-1: Ball 2-1: Foul Ball, location: 2F 2-2: Strikes out swinging
|
Top of the 5th over - 1 run(s), 2 hit(s), 0 error(s), 2 left on base; Amity Gardens 2 - Coronado 2 |
BOTTOM OF THE 5TH |
Coronado Eclipse batting - Pitching for Amity Gardens Westerners : RHP Rafael Reyes
|
Batting: RHB Phil Martin
|
0-0: Ball 1-0: Foul Ball, location: 2F 1-1: Foul Ball, location: 2F 1-2: Fly out, F8 (Flyball, 8RS)
|
Batting: RHB Bill Petty
|
0-0: Swinging Strike 0-1: Ball 1-1: Foul Ball, location: 2F 1-2: Ball 2-2: Strikes out swinging
|
Batting: RHB Jesús Pérez
|
0-0: Foul Ball, location: 2F 0-1: Swinging Strike 0-2: Ball 1-2: Fly out, F3 (Flyball, 3DF)
|
Bottom of the 5th over - 0 run(s), 0 hit(s), 0 error(s), 0 left on base; Amity Gardens 2 - Coronado 2 |
TOP OF THE 6TH |
Amity Gardens Westerners batting - Pitching for Coronado Eclipse : RHP Bob Thompson
|
Batting: RHB Xavier Silva
|
0-0: Ball 1-0: Ball 2-0: Called Strike 2-1: Swinging Strike 2-2: Strikes out swinging
|
Batting: RHB Tomás Rivera
|
0-0: Called Strike 0-1: Ball 1-1: Fly out, F9 (Flyball, 9S)
|
Batting: RHB Jonathon García
|
0-0: Foul Ball, location: 2F 0-1: Ball 1-1: SOLO HOME RUN (Flyball, 7LD), Distance : 361 ft
|
Batting: RHB Carlos Dumenigo
|
0-0: Swinging Strike 0-1: Ball 1-1: Called Strike 1-2: Ball 2-2: Foul Ball, location: 2F 2-2: Ball 3-2: Foul Ball, location: 2F 3-2: Strikes out swinging
|
Top of the 6th over - 1 run(s), 1 hit(s), 0 error(s), 0 left on base; Amity Gardens 3 - Coronado 2 |
BOTTOM OF THE 6TH |
Coronado Eclipse batting - Pitching for Amity Gardens Westerners : RHP Rafael Reyes
|
Batting: RHB Javier Hernández
|
0-0: Called Strike 0-1: Ball 1-1: Ball 2-1: Foul Ball, location: 2F 2-2: Ball 3-2: Fly out, F1 (Line Drive, 13)
|
Batting: RHB Luis López
|
0-0: Called Strike 0-1: SINGLE (Line Drive, 8LS)
|
Batting: LHB Robby Bland
|
0-0: Swinging Strike 0-1: Ball 1-1: Swinging Strike 1-2: Ball 2-2: Strikes out swinging
|
Batting: RHB Luis Samaripa
|
0-0: Called Strike 0-1: Ground out U3 (Groundball, 3)
|
Bottom of the 6th over - 0 run(s), 1 hit(s), 0 error(s), 1 left on base; Amity Gardens 3 - Coronado 2 |
TOP OF THE 7TH |
Amity Gardens Westerners batting - Pitching for Coronado Eclipse : RHP Bob Thompson
|
Batting: RHB Manny Olhoa
|
0-0: Ball 1-0: Swinging Strike 1-1: Foul Ball, location: 2F 1-2: Foul Ball, location: 2F 1-2: Ball 2-2: Ground out 5-3 (Groundball, 56S)
|
Pitching: RHP Duane Deal
|
|
Batting: RHB Gustavo Todd
|
0-0: Called Strike 0-1: Foul Ball, location: 2F 0-2: Foul Ball, location: 2F 0-2: Foul Ball, location: 2F 0-2: Ball 1-2: Strikes out looking
|
Batting: SHB Chris Barrett
|
0-0: Called Strike 0-1: Fly out, F8 (Flyball, 89M)
|
Top of the 7th over - 0 run(s), 0 hit(s), 0 error(s), 0 left on base; Amity Gardens 3 - Coronado 2 |
BOTTOM OF THE 7TH |
Coronado Eclipse batting - Pitching for Amity Gardens Westerners : RHP Rafael Reyes
|
Pitching: RHP Millard Black
|
|
Batting: RHB Júlio Núńez
|
0-0: Foul Ball, location: 2F 0-1: Ball 1-1: SOLO HOME RUN (Flyball, 8LXD), Distance : 429 ft
|
Pinch Hitting: RHB Joel Hebert
|
0-0: Ball 1-0: Ball 2-0: Fly out, F8 (Flyball, 78M)
|
Now in CF: Jack Mitchell
|
|
Batting: RHB Phil Martin
|
0-0: Called Strike 0-1: Called Strike 0-2: Fly out, F6 (Line Drive, 6)
|
Pinch Hitting: RHB Mario Barker
|
0-0: Ball 1-0: Foul Ball, location: 2F 1-1: Foul Ball, location: 2F 1-2: Ball 2-2: Strikes out swinging
|
Bottom of the 7th over - 1 run(s), 1 hit(s), 0 error(s), 0 left on base; Amity Gardens 3 - Coronado 3 |
TOP OF THE 8TH |
Amity Gardens Westerners batting - Pitching for Coronado Eclipse : RHP Duane Deal
|
Now at 2B: Mario Barker
|
|
Now at 3B: Felipe Hernández
|
|
Pinch Hitting: RHB Pat Johnston
|
0-0: Called Strike 0-1: Ball 1-1: Ball 2-1: Foul Ball, location: 2F 2-2: Strikes out swinging
|
Batting: RHB Justin Tomlinson
|
0-0: Ball 1-0: Ball 2-0: Ball 3-0: Foul Ball, location: 2F 3-1: Called Strike 3-2: Foul Ball, location: 2F 3-2: Base on Balls
|
Pinch Runner at 1st Mel Wells:
|
|
Batting: RHB Xavier Silva
|
0-0: Fly out, F4 (Popup, 3D)
|
Pinch Hitting: LHB Eddie Nealon
|
|
Pitching: LHP Roy Burke
|
0-0: Ball Mel Wells is caught stealing 2nd base
|
Top of the 8th over - 0 run(s), 0 hit(s), 0 error(s), 0 left on base; Amity Gardens 3 - Coronado 3 |
BOTTOM OF THE 8TH |
Coronado Eclipse batting - Pitching for Amity Gardens Westerners : RHP Millard Black
|
Now at 1B: Ánibal Vega
|
|
Now at SS: Pat Johnston
|
|
Now in RF: Eddie Nealon
|
|
Batting: RHB Jesús Pérez
|
0-0: Foul Ball, location: 2F 0-1: DOUBLE (Line Drive, 7LM)
|
Batting: RHB Javier Hernández
|
0-0: Fly out, F5 (Popup, 5L)
|
Batting: RHB Luis López
|
0-0: Intentional Walk
|
Batting: LHB Robby Bland
|
0-0: Called Strike 0-1: Fielders Choice at 2nd, 1-6 (Groundball, P) Jesús Pérez to third
|
Batting: RHB Luis Samaripa
|
0-0: Fielders Choice at 2nd, 4-6 (Groundball, 4)
|
Bottom of the 8th over - 0 run(s), 1 hit(s), 0 error(s), 1 left on base; Amity Gardens 3 - Coronado 3 |
TOP OF THE 9TH |
Amity Gardens Westerners batting - Pitching for Coronado Eclipse : LHP Roy Burke
|
Batting: LHB Eddie Nealon
|
0-0: Swinging Strike 0-1: Ground out U3 (Groundball, 23)
|
Pitching: RHP Paul McGowan
|
|
Pinch Hitting: SHB John Kessler
|
0-0: Ball 1-0: Called Strike 1-1: Called Strike 1-2: Foul Ball, location: 2F 1-2: Strikes out swinging
|
Batting: RHB Carlos Dumenigo
|
0-0: SINGLE (Line Drive, 4D)
|
Batting: LHB Jack Mitchell
|
0-0: Called Strike 0-1: Called Strike Carlos Dumenigo is caught stealing 2nd base
|
Top of the 9th over - 0 run(s), 1 hit(s), 0 error(s), 0 left on base; Amity Gardens 3 - Coronado 3 |
BOTTOM OF THE 9TH |
Coronado Eclipse batting - Pitching for Amity Gardens Westerners : RHP Millard Black
|
Now at C: Alfredo Medina
|
|
Batting: RHB Júlio Núńez
|
0-0: Ball 1-0: Ball 2-0: Ball 3-0: Base on Balls
|
Pinch Runner at 1st Brandon Davis:
|
|
Batting: RHB Felipe Hernández
|
0-0: Ball Brandon Davis is caught stealing 2nd base 1-0: Called Strike 1-1: Ball 2-1: Ball 3-1: SINGLE (Groundball, 5) (infield hit)
|
Batting: RHB Phil Martin
|
0-0: Ball 1-0: Ball 2-0: Fielders Choice at 2nd, 1-6 (Groundball, 13S)
|
Batting: RHB Mario Barker
|
0-0: Called Strike 0-1: Ball 1-1: Called Strike 1-2: Foul Ball, location: 2F 1-2: Ball 2-2: Strikes out swinging
|
Bottom of the 9th over - 0 run(s), 1 hit(s), 0 error(s), 1 left on base; Amity Gardens 3 - Coronado 3 |
TOP OF THE 10TH |
Amity Gardens Westerners batting - Pitching for Coronado Eclipse : RHP Paul McGowan
|
Now in RF: Brandon Davis
|
|
Batting: LHB Jack Mitchell
|
0-0: Called Strike 0-1: Called Strike 0-2: Ball 1-2: Hit by Pitch
|
Batting: RHB Gustavo Todd
|
0-0: Sac Bunt - play at second, runner safe!
|
Batting: SHB Chris Barrett
|
0-0: SINGLE (Groundball, 6) (infield hit) Jack Mitchell to third Gustavo Todd to second
|
Batting: RHB Pat Johnston
|
0-0: Ball 1-0: Ball 2-0: Swinging Strike 2-1: Foul Ball, location: 2F 2-2: Ball 3-2: Foul Ball, location: 2F 3-2: Strikes out looking
|
Batting: RHB Ánibal Vega
|
0-0: Grounds into fielders choice 4-2 (Groundball, 34) Gustavo Todd to third Chris Barrett to second
|
Batting: RHB Xavier Silva
|
0-0: Called Strike 0-1: Foul Ball, location: 2F 0-2: Ball 1-2: Strikes out looking
|
Top of the 10th over - 0 run(s), 1 hit(s), 0 error(s), 3 left on base; Amity Gardens 3 - Coronado 3 |
BOTTOM OF THE 10TH |
Coronado Eclipse batting - Pitching for Amity Gardens Westerners : RHP Millard Black
|
Batting: RHB Jesús Pérez
|
0-0: Ball 1-0: Foul Ball, location: 2F 1-1: SINGLE (Groundball, 56D)
|
Batting: RHB Javier Hernández
|
0-0: Ball Jesús Pérez steals 2nd base 1-0: Ball 2-0: 2-RUN HOME RUN (Flyball, 9LD), Distance : 341 ft
|
Tuesday, August 8th, 2017 - OOTP Baseball 17.12 Build 75
|
|